 Dungeon Crawl Stone Soup version 0.27-a0-287-gd4424db430 (webtiles) character file.

Game seed: 7035031715402418778

7 skwiii the Caller (level 2, -1/15 HPs)
             Began as a Tengu Summoner on Feb 9, 2021.
             Slain by a jackal (3 damage)
             ... on level 1 of the Dungeon.
             The game lasted 00:01:51 (452 turns).

skwiii the Caller (Tengu Summoner)                   Turns: 452, Time: 00:01:52

Health: -1/15      AC:  2    Str:  8    XL:     2   Next: 0%
Magic:  0/6        EV: 12    Int: 15    God:
Gold:   9          SH:  0    Dex: 14    Spells: 4/5 levels left

rFire    . . .     SeeInvis .   (no weapon)
rCold    . . .     Faith    .   (no shield)
rNeg     . . .     Spirit   .   a - +0 robe
rPois    .         Reflect  .   (helmet restricted)
rElec    .         Harm     .   (no cloak)
rCorr    .         Rampage  .   (no gloves)
Will     .....                  (boots unavailable)
Stlth    ++........             (no amulet)
HPRegen  0.05/turn              (no ring)
MPRegen  0.10/turn              (no ring)

@: no status effects
A: beak, talons 3
a: no special abilities


You were on level 1 of the Dungeon.
You visited 1 branch of the dungeon, and saw 1 of its levels.

You collected 9 gold pieces.

Inventory:

Armour
 a - a +0 robe (worn)
Jewellery
 c - a +6 ring of strength {unknown}
Potions
 b - a potion of mutation {unknown}


   Skills:
 - Level 2.1 Dodging
 - Level 2.0 Stealth
 + Level 2.2 Spellcasting
 + Level 5.0 Summonings


You had 4 spell levels left.
You knew the following spells:

 Your Spells              Type           Power        Failure   Level
a - Summon Small Mammal   Summ           64%          2%          1

Your spell library contained the following spells:

 Spells                   Type           Power        Failure   Level
 Call Imp                 Summ           16%          4%          2
 Call Canine Familiar     Summ           16%          9%          3
 Summon Guardian Golem    Hex/Summ       9%           22%         3
 Summon Ice Beast         Ice/Summ       9%           58%         4
 Summon Lightning Spire   Summ/Air       9%           58%         4


Dungeon Overview and Level Annotations

Branches:
Dungeon (1/15)

Altars:


Innate Abilities, Weirdness & Mutations

You have a beak for a mouth.
You have claws for feet.


Message History

Your quokka closely misses the jackal.
The jackal barely misses your quokka.
Something bites your quokka but does no damage.
Your quokka closely misses the jackal.
Your quokka bites the jackal.
The jackal dies!
You have reached level 2!
You start resting.
Your quokka bites the jackal but does no damage.
A jackal is nearby!
You don't have enough magic to cast that spell.
You swap places.
The jackal bites you but does no damage.
You swap places.
Your quokka barely misses the jackal.
The jackal bites your quokka.
Your quokka bites the jackal but does no damage.
Your quokka completely misses the jackal.
The jackal completely misses your quokka.
Your quokka bites the jackal.
You don't have enough magic to cast that spell.
You swap places.
Your quokka bites the jackal.
The jackal bites you.
You die...

. #≈≈#(......#≈≈#...##.##
..#######.#######.....†##
.......#...#.........####
........#.#......).......
.........#..########.####
######.....## #..........
######r#r## #.####.####
.......h## #..###..###
######.@# #..##......
#####r## #..##.....(
#...#..# #..##......
#...#..## #..##......
#...#...# #..###..###
#...#.#.# #..# #.##..
#####...#.#.####..#
#.##.#
...........>......#
#.##.#
#####...##.######.#
#.##.#


You could see a jackal and 3 friendly quokkas.

Vanquished Creatures (collateral kills)
  A leopard gecko (D:1)
  2 giant cockroaches (D:1)
  2 jackals (D:1)
  3 bats (D:1)
  A kobold (D:1)
9 creatures vanquished.

Notes
Turn   | Place    | Note
-------+----------+-------------------------------------------
     0 | D:1      | skwiii the Tengu Summoner began the quest for the Orb.
     0 | D:1      | Reached XP level 1. HP: 10/10 MP: 4/4
   293 | D:1      | Reached skill level 5 in Summonings
   449 | D:1      | Reached XP level 2. HP: 2/15 MP: 0/6
   452 | D:1      | Slain by a jackal

Illustrated notes

Levels and vault maps discovered:
D:1:      psy_arrival_dodecagon, layout_basic, interstate_on_off

Skill      XL: |  1 |
---------------+----+-----
Summonings     | 5 |  5.0
Dodging        | |  2.1
Stealth        | |  2.0
Spellcasting   | |  2.2

Action                   || total
-------------------------++-------
 Cast: Summon Small Mamm ||    22
Armor: Robe              ||    13
Dodge: Dodged            ||    21

Table legend: (Time is in decaauts)
 A = Elapsed time spent in this place.
 B = Non-inter-level travel time spent in this place.
 C = Inter-level travel time spent in this place.
 D = Time resting spent in this place.
 E = Time spent auto-exploring this place.
 F = Levels seen in this place.
 G = Mean time per level.
                   A        B        C        D        E       F      G
               +--------+--------+--------+--------+--------+-----+--------+
         Total |    452 |    452 |      0 |      0 |    308 |   1 |  452.0 |
       Dungeon |    452 |    452 |      0 |      0 |    308 |   1 |  452.0 |
               +--------+--------+--------+--------+--------+-----+--------+

Top non-repeatable levels by time:
     D:1: 452 daAuts
